 Dungeon Crawl Stone Soup version 0.29.0-4-gdea44cf6ec (webtiles) character file.

Game seed: 3238605369582688999

27220 qw the Brawler (level 13, 0/127 HPs)
             Began as a Troll Cinder Acolyte on Sept 3, 2022.
             Was a Believer of Okawaru.
             Slain by a ten-headed hydra (11 damage)
             ... on level 4 of the Lair of Beasts.
             The game lasted 00:06:18 (13115 turns).

qw the Brawler (Troll Cinder Acolyte)              Turns: 13115, Time: 00:06:19

Health: 0/127      AC:  6    Str: 35    XL:     13   Next: 3%
Magic:  13/14      EV: 10    Int: 10    God:    Okawaru [**....]
Gold:   602        SH:  0    Dex:  5    Spells: 14/14 levels left

rFire   . . .      SeeInvis .     - Unarmed
rCold   + . .      Faith    .   (no shield)
rNeg    . . .      Spirit   .   k - +2 robe of Halynt {Slay+3}
rPois   .          Reflect  .   (helmet restricted)
rElec   .          Harm     .   v - scarf {repulsion}
rCorr   .          Rampage  .   (gloves unavailable)
Will    +....                   (boots unavailable)
Stlth   ++........              j - amulet of regeneration
HPRegen 1.91/turn               g - +6 ring of strength
MPRegen 0.14/turn               d - ring of protection from fire

@: about to teleport, heroic, repel missiles, fire susceptible
A: large, unfitting armour, claws 3, regeneration 1, shaggy fur 1, tough skin 1,
cold resistance 1, strong-willed 1
a: Renounce Religion, Heroism


You were on level 4 of the Lair of Beasts.
You worshipped Okawaru.
Okawaru was pleased with you.
You visited 3 branches of the dungeon, and saw 16 of its levels.

You collected 899 gold pieces.
You spent 297 gold pieces at shops.


Innate Abilities, Weirdness & Mutations

You are too large for most types of armour.
You have claws for hands.
Your natural rate of healing is unusually fast.
You are covered in fur. (AC +1)
You have tough skin. (AC +1)
Your flesh is cold resistant. (rC+)
You are strong-willed. (Will+)


   Skills:
 + Level 7.9(12.9) Fighting
 - Level 7.1(12.1) Throwing
 - Level 1.0(6.0) Armour
 - Level 2.3(7.3) Dodging
 - Level 18.0(23.0) Unarmed Combat
 - Level 1.0 Spellcasting
 - Level 2.1 Fire Magic
 + Level 3.2 Invocations


You had 14 spell levels left.
You didn't know any spells.
Your spell library contained the following spells:

 Spells                   Type           Power      Damage    Failure   Level
 Scorch                   Fire           8%         2d5       22%         2

Inventory:

Missiles
 e - 12 boomerangs
 p - 3 javelins
 r - 2 large rocks (quivered)
 t - a silver javelin
Armour
 f - a +1 cloak
 k - the +2 robe of Halynt (worn) {Slay+3}
   (You acquired it on level 4 of the Dungeon)

   Slay:      It affects your accuracy & damage with ranged weapons and melee
   (+3).
 u - a scarf of resistance
 v - a scarf of repulsion (worn)
Jewellery
 b - a ring of ice
 d - a ring of protection from fire (right claw)
 g - a +6 ring of strength (left claw)
 j - an amulet of regeneration (around neck)
 o - a ring of fire
Scrolls
 a - 3 scrolls of teleportation
 i - 5 scrolls of identify
 n - 2 scrolls of enchant weapon
Potions
 c - a potion of haste
 h - a potion of mutation
 l - 3 potions of cancellation
 q - 2 potions of curing
 s - 3 potions of heal wounds

Dungeon Overview and Level Annotations

Branches:
Dungeon (11/15)            Temple (1/1) D:7            Lair (4/5) D:11
  Swamp (0/4) Lair:2        Snake (0/4) Lair:2
  Slime: Lair:4-5       Orc: D:9-12

Altars:
Ashenzari
Elyvilon
Fedhas
Hepliaklqana
Kikubaaqudgha
Makhleb
Nemelex Xobeh
Okawaru
Qazlal
Ru
Sif Muna
Trog
Uskayaw
Wu Jian
Xom
Yredelemnul
Zin

Shops:
D:7 *?

Annotations:
D:4 2 runed translucent doors, qw's ghost, amateur TrCA
D:8 2 transporters, 3 runed translucent doors, qw's ghost, novice TeWr
Lair:1 1 runed translucent door, qw's ghost, journeyman TeWr


Message History

Press: ? - help, Q - select action, (/) - cycle Shift-Dir - straight line, f - six-headed hydra You throw a large rock.
The large rock hits the six-headed hydra.
The six-headed hydra is lightly wounded.
You rip one of the six-headed hydra's heads off!
The five-headed hydra grows two more!
You claw the seven-headed hydra!
The seven-headed hydra is moderately wounded.
You barely miss the seven-headed hydra.
The seven-headed hydra is moderately wounded.
The seven-headed hydra bites you.
The seven-headed hydra barely misses you. x3
The seven-headed hydra bites you. The seven-headed hydra bites you!
The seven-headed hydra bites you.
You tear one of the seven-headed hydra's heads off!
The six-headed hydra grows two more!
You claw the eight-headed hydra!
Your claw misses the eight-headed hydra.
The eight-headed hydra is moderately wounded.
The eight-headed hydra bites you but does no damage.
The eight-headed hydra bites you!
The eight-headed hydra closely misses you.
The eight-headed hydra bites you.
The eight-headed hydra closely misses you.
The eight-headed hydra bites you.
The eight-headed hydra barely misses you.
The eight-headed hydra bites you but does no damage.
You rip one of the eight-headed hydra's heads off!
The seven-headed hydra grows two more!
You claw the nine-headed hydra!
The nine-headed hydra is lightly wounded.
You tear one of the nine-headed hydra's heads off!
The eight-headed hydra grows two more!
You claw the ten-headed hydra!
The ten-headed hydra is lightly wounded.
The ten-headed hydra bites you! x5
The ten-headed hydra closely misses you. x2
The ten-headed hydra bites you! The ten-headed hydra barely misses you.
The ten-headed hydra bites you but does no damage.
13115 ||| READING 4 scrolls of teleportation.
As you read the scroll of teleportation, it crumbles to dust.
You feel strangely unstable. The ten-headed hydra bites you! x2
You die...

##.. P..# . ...
.. #..#P..
###....... . #
.........
....#.#........
.......@%......
......%D.......
...###.........
. #.........
...(......
..........<
#..........
#..........


You could see a ten-headed hydra.

Vanquished Creatures
  3 boulder beetles
  A hydra (Lair:3)
  A catoblepas (Lair:3)
  A two-headed ogre (D:8)
  A lindwurm (Lair:2)
  9 elephants
  A cyclops (D:11)
  An ugly thing (D:11)
  3 black mambas
  2 torpor snails
  3 cane toads
  A kobold demonologist (D:11)
  2 rime drakes
  6 komodo dragons
  A tyrant leech (Lair:2)
  2 trolls (D:10)
  Prince Ribbit (D:7)
  6 blink frogs
  3 vampires (D:11)
  Sigmund (D:4)
  3 shadows
  8 wyverns
  2 wraiths
  28 yaks
  A basilisk (Lair:3)
  A steam dragon (D:8)
  8 water moccasins
  3 nagas (Lair:2)
  2 swamp worms (Lair:2)
  An acid dragon (D:9)
  7 orc warriors
  2 black bears
  An ice beast (D:6)
  5 ogres
  5 wolves (Lair:3)
  2 centaurs
  A phantom (D:5)
  6 kobold brigands
  Blork the orc (D:5)
  8 bullfrogs
  A gnoll sergeant (D:9)
  A scorpion (D:5)
  3 wights (D:7)
  3 killer bees (D:9)
  3 howler monkeys (D:8)
  An electric eel (D:7)
  6 hounds
  4 orc priests
  A gnoll bouda (D:8)
  9 orc wizards
  An iguana (D:6)
  2 adders (D:3)
  16 gnolls
  A shadow imp (D:6)
  An ufetubus (D:5)
  4 worms
  26 orcs
  6 endoplasms
  2 giant cockroaches
  8 goblins
  5 hobgoblins
  3 jackals (D:1)
  23 kobolds
  6 quokkas
  7 ball pythons
  5 bats
  4 frilled lizards
  5 rats
301 creatures vanquished.

Vanquished Creatures (others)
  5 fungi
  34 plants
39 creatures vanquished.

Grand Total: 340 creatures vanquished

Notes
Turn   | Place    | Note
-------+----------+-------------------------------------------
     0 | D:1      | qw the Troll Cinder Acolyte began the quest for the Orb.
     0 | D:1      | Reached XP level 1. HP: 22/22 MP: 1/1
     0 | D:1      | 0 ||| qw: Version: 0.1-a-100-g36b9a1f
     0 | D:1      | 0 ||| qw: Game counter: 5032
     0 | D:1      | 0 ||| qw: Always use a shield: true
     0 | D:1      | 0 ||| qw: God list: Okawaru
     0 | D:1      | 0 ||| qw: Allow faded altars: false
     0 | D:1      | 0 ||| qw: Do Orc after D:15 true
     0 | D:1      | 0 ||| qw: Do second Lair branch before Depths: true
     0 | D:1      | 0 ||| qw: Lair rune preference: random
     0 | D:1      | 0 ||| qw: Plans: Normal
     0 | D:1      | 0 ||| PLANNING D:1-11
   299 | D:1      | Reached XP level 2. HP: 28/29 MP: 2/2
   735 | D:1      | 735 ||| READING scroll labelled WYCKUB HYAMAC.
   749 | D:1      | 749 ||| READING scroll labelled PANAOR GIAHE.
   750 | D:1      | 750 ||| READING scroll labelled DAARRA KOGU.
   751 | D:1      | 751 ||| READING scroll labelled CODGHOU METINA.
   752 | D:1      | 752 ||| DRINKING 2 glowing red potions.
   752 | D:1      | Gained mutation: Your flesh is cold resistant. (rC+)
                  | [potion of mutation]
   752 | D:1      | Gained mutation: You are strong-willed. (Will+) [potion of
                  | mutation]
   771 | D:2      | Reached skill level 4 in Unarmed Combat
   816 | D:2      | Reached XP level 3. HP: 36/36 MP: 3/3
   911 | D:2      | 911 ||| Stepping ~*~*~tactically~*~*~ (hiding).
  1278 | D:2      | 1278 ||| Stepping ~*~*~tactically~*~*~ (stealth).
  1292 | D:2      | 1292 ||| Stepping ~*~*~tactically~*~*~ (stealth).
  1307 | D:2      | 1307 ||| UPGRADING to +0 cloak.
  1312 | D:2      | 1312 ||| READING scroll labelled UDUAGR YSTYS.
  1313 | D:2      | 1313 ||| READING scroll labelled ZAOTIZXINNE.
  1314 | D:2      | 1314 ||| DRINKING 2 viscous brown potions.
  1350 | D:3      | 1350 ||| Stepping ~*~*~tactically~*~*~ (stealth).
  1373 | D:3      | Found a faded altar of an unknown god.
  1399 | D:3      | 1399 ||| DRINKING potion of curing.
  1399 | D:3      | 1399 ||| (to cure confusion)
  1401 | D:3      | Reached XP level 4. HP: 44/44 MP: 4/4
  1403 | D:3      | Reached skill level 5 in Unarmed Combat
  1465 | D:3      | 1465 ||| Stepping ~*~*~tactically~*~*~ (stealth).
  1468 | D:3      | 1468 ||| Stepping ~*~*~tactically~*~*~ (stealth).
  1479 | D:3      | 1479 ||| Stepping ~*~*~tactically~*~*~ (stealth).
  1482 | D:3      | 1482 ||| INVOKING Fiery Armour.
  1484 | D:3      | 1484 ||| Stepping ~*~*~tactically~*~*~ (outnumbered).
  1487 | D:3      | 1487 ||| FLEEEEING.
  1488 | D:3      | 1488 ||| FLEEEEING.
  1489 | D:3      | 1489 ||| FLEEEEING.
  1492 | D:3      | 1492 ||| Stepping ~*~*~tactically~*~*~ (outnumbered).
  1495 | D:3      | Reached XP level 5. HP: 38/50 MP: 5/5
  1548 | D:3      | Found a sparkling altar of Nemelex Xobeh.
  1777 | D:3      | You fall into a shaft and drop 1 floor!
  1779 | D:4      | 1779 ||| UPGRADING to +6 ring of strength.
  1780 | D:4      | 1780 ||| READING scroll labelled JUON OXITO.
  1781 | D:4      | 1781 ||| READING scroll labelled URPHAXU HIFOHU.
  1782 | D:4      | 1782 ||| READING scroll labelled ROPREU ED DILOFUZU.
  1782 | D:4      | Identified a scroll of acquirement
  1782 | D:4      | 1782 ||| ACQUIRING +2 robe of Halynt {Slay+3}
  1782 | D:4      | Acquired the +2 robe of Halynt {Slay+3}
  1784 | D:4      | 1784 ||| UPGRADING to +2 robe of Halynt {Slay+3}.
  1794 | D:4      | 1794 ||| DROPPING +0 robe.
  1940 | D:3      | 1940 ||| READING scroll labelled GODEXESEID.
  2005 | D:4      | Noticed Sigmund
  2006 | D:4      | 2006 ||| Stepping ~*~*~tactically~*~*~ (hiding).
  2008 | D:4      | 2008 ||| Stepping ~*~*~tactically~*~*~ (hiding).
  2013 | D:4      | Killed Sigmund
  2014 | D:4      | Reached skill level 7 in Unarmed Combat
  2014 | D:4      | Reached XP level 6. HP: 59/59 MP: 6/6
  2274 | D:4      | Found a runed translucent door.
  2400 | D:4      | Found a runed translucent door.
  2401 | D:4      | Noticed qw's ghost (amateur TrCA)
  2478 | D:4      | 2478 ||| INVOKING Fiery Armour.
  2478 | D:4      | HP: 8/59 [ogre/+0 giant spiked club (21)]
  2479 | D:4      | Reached skill level 8 in Unarmed Combat
  2479 | D:4      | Reached XP level 7. HP: 9/66 MP: 7/7
  2671 | D:4      | 2671 ||| Stepping ~*~*~tactically~*~*~ (stealth).
  2778 | D:4      | 2778 ||| UPGRADING to amulet of guardian spirit.
  2783 | D:4      | 2783 ||| READING scroll labelled USSAXT CU REIVOH.
  2784 | D:4      | 2784 ||| READING 5 scrolls of identify.
  2784 | D:4      | 2784 ||| IDENTIFYING ruby potion
  2785 | D:4      | 2785 ||| READING 4 scrolls of identify.
  2785 | D:4      | 2785 ||| IDENTIFYING green potion
  2786 | D:4      | 2786 ||| READING 3 scrolls of identify.
  2786 | D:4      | 2786 ||| IDENTIFYING fuming clear potion
  2787 | D:4      | 2787 ||| READING 2 scrolls of identify.
  2787 | D:4      | 2787 ||| IDENTIFYING fizzy green potion
  2788 | D:4      | 2788 ||| DROPPING potion of degeneration.
  2789 | D:4      | 2789 ||| DROPPING potion of berserk rage.
  2790 | D:4      | 2790 ||| DROPPING potion of attraction.
  2804 | D:5      | Entered Level 5 of the Dungeon
  2973 | D:5      | 2973 ||| Stepping ~*~*~tactically~*~*~ (outnumbered).
  2976 | D:5      | Reached skill level 1 in Throwing
  2979 | D:5      | Reached skill level 3 in Fighting
  3134 | D:5      | Identified the +8 sling of Crusades {flame, rF+ Dex+3}
  3252 | D:5      | Reached skill level 9 in Unarmed Combat
  3288 | D:5      | Noticed Blork the orc
  3293 | D:5      | Killed Blork the orc
  3304 | D:5      | 3304 ||| Stepping ~*~*~tactically~*~*~ (outnumbered).
  3554 | D:5      | 3554 ||| UPGRADING to ring of protection from fire.
  3555 | D:5      | 3555 ||| READING scroll labelled BOCLIN DY ROMI.
  3558 | D:5      | 3558 ||| READING scroll labelled WUMAIPH JUSARO.
  3559 | D:5      | 3559 ||| Stepping randomly (stuck).
  3560 | D:5      | 3560 ||| Stepping ~*~*~tactically~*~*~ (cloud).
  3680 | D:6      | Reached skill level 1 in Dodging
  3680 | D:6      | Reached XP level 8. HP: 59/75 MP: 5/8
  3732 | D:6      | Found an ancient bone altar of Kikubaaqudgha.
  3732 | D:6      | Found a blossoming altar of Fedhas.
  3734 | D:6      | 3734 ||| Stepping ~*~*~tactically~*~*~ (outnumbered).
  3736 | D:6      | 3736 ||| INVOKING Fiery Armour.
  3737 | D:6      | 3737 ||| Stepping ~*~*~tactically~*~*~ (outnumbered).
  3738 | D:6      | 3738 ||| Stepping ~*~*~tactically~*~*~ (outnumbered).
  3739 | D:6      | 3739 ||| Stepping ~*~*~tactically~*~*~ (outnumbered).
  3750 | D:6      | 3750 ||| Stepping ~*~*~tactically~*~*~ (outnumbered).
  4008 | D:6      | Found a hide-covered altar of Uskayaw.
  4083 | D:6      | 4083 ||| FLEEEEING.
  4084 | D:6      | 4084 ||| FLEEEEING.
  4085 | D:6      | 4085 ||| FLEEEEING.
  4086 | D:6      | 4086 ||| FLEEEEING.
  4088 | D:6      | 4088 ||| FLEEEEING.
  4092 | D:6      | 4092 ||| FLEEEEING.
  4094 | D:6      | 4094 ||| FLEEEEING.
  4095 | D:6      | 4095 ||| FLEEEEING.
  4096 | D:6      | 4096 ||| FLEEEEING.
  4097 | D:6      | 4097 ||| FLEEEEING.
  4098 | D:6      | 4098 ||| FLEEEEING.
  4099 | D:6      | 4099 ||| FLEEEEING.
  4100 | D:6      | 4100 ||| FLEEEEING.
  4101 | D:6      | 4101 ||| FLEEEEING.
  4107 | D:6      | Reached skill level 10 in Unarmed Combat
  4234 | D:6      | 4234 ||| READING 3 scrolls of identify.
  4234 | D:6      | 4234 ||| IDENTIFYING golden potion
  4235 | D:6      | 4235 ||| READING 2 scrolls of identify.
  4235 | D:6      | 4235 ||| IDENTIFYING viscous cyan potion
  4236 | D:6      | 4236 ||| DROPPING potion of brilliance.
  4267 | D:7      | 4267 ||| STAIRDANCE
  4279 | D:7      | 4279 ||| Stepping ~*~*~tactically~*~*~ (outnumbered).
  4280 | D:7      | 4280 ||| Stepping ~*~*~tactically~*~*~ (outnumbered).
  4281 | D:7      | 4281 ||| Stepping ~*~*~tactically~*~*~ (outnumbered).
  4321 | D:7      | 4321 ||| Stepping ~*~*~tactically~*~*~ (hiding).
  4323 | D:7      | 4323 ||| Stepping ~*~*~tactically~*~*~ (hiding).
  4326 | D:7      | 4326 ||| Stepping ~*~*~tactically~*~*~ (stealth).
  4328 | D:7      | 4328 ||| STAIRDANCE
  4350 | D:7      | 4350 ||| STAIRDANCE
  4354 | D:7      | 4354 ||| STAIRDANCE
  4364 | D:7      | 4364 ||| STAIRDANCE
  4377 | D:7      | 4377 ||| STAIRDANCE
  4401 | D:7      | 4401 ||| Stepping ~*~*~tactically~*~*~ (outnumbered).
  4402 | D:7      | 4402 ||| Stepping ~*~*~tactically~*~*~ (outnumbered).
  4404 | D:7      | 4404 ||| Stepping ~*~*~tactically~*~*~ (outnumbered).
  4405 | D:7      | 4405 ||| Stepping ~*~*~tactically~*~*~ (outnumbered).
  4408 | D:7      | 4408 ||| Stepping ~*~*~tactically~*~*~ (outnumbered).
  4412 | D:7      | Reached XP level 9. HP: 50/84 MP: 6/9
  4500 | D:7      | Reached skill level 11 in Unarmed Combat
  4564 | D:7      | Found Plog's Magic Scroll Boutique.
  4566 | D:7      | Noticed Prince Ribbit
  4573 | D:7      | Killed Prince Ribbit
  4574 | D:7      | Reached skill level 3 in Throwing
  4595 | D:7      | 4595 ||| BUYING scroll of enchant weapon (82 gold).
  4595 | D:7      | Bought a scroll of enchant weapon for 82 gold pieces
  4595 | D:7      | 4595 ||| BUYING scroll of enchant weapon (82 gold).
  4595 | D:7      | Bought a scroll of enchant weapon for 82 gold pieces
  4595 | D:7      | 4595 ||| BUYING scroll of teleportation (33 gold).
  4595 | D:7      | Bought a scroll of teleportation for 33 gold pieces
  4595 | D:7      | 4595 ||| BUYING scroll of teleportation (33 gold).
  4595 | D:7      | Bought a scroll of teleportation for 33 gold pieces
  4611 | D:7      | Found a burning altar of Makhleb.
  4612 | D:7      | Found an ornate altar of the Wu Jian Council.
  4623 | D:7      | Found a staircase to the Ecumenical Temple.
  4640 | D:7      | 4640 ||| Stepping ~*~*~tactically~*~*~ (hiding).
  4660 | D:7      | 4660 ||| Stepping ~*~*~tactically~*~*~ (stealth).
  4661 | D:7      | 4661 ||| Stepping ~*~*~tactically~*~*~ (stealth).
  4735 | D:7      | 4735 ||| Stepping ~*~*~tactically~*~*~ (stealth).
  4737 | D:7      | 4737 ||| Stepping ~*~*~tactically~*~*~ (stealth).
  4817 | D:7      | Found a shimmering altar of Xom.
  4825 | D:7      | 4825 ||| FLEEEEING.
  4826 | D:7      | 4826 ||| STAIRDANCE
  4848 | D:7      | Found a broken altar of Ashenzari.
  4881 | D:7      | 4881 ||| FLEEEEING.
  4882 | D:7      | 4882 ||| FLEEEEING.
  4920 | D:7      | 4920 ||| FLEEEEING.
  4921 | D:7      | 4921 ||| FLEEEEING.
  4922 | D:7      | 4922 ||| FLEEEEING.
  4923 | D:7      | 4923 ||| FLEEEEING.
  4924 | D:7      | 4924 ||| FLEEEEING.
  4925 | D:7      | 4925 ||| FLEEEEING.
  4926 | D:7      | 4926 ||| FLEEEEING.
  4927 | D:7      | 4927 ||| FLEEEEING.
  4928 | D:7      | 4928 ||| FLEEEEING.
  4929 | D:7      | 4929 ||| FLEEEEING.
  4930 | D:7      | 4930 ||| FLEEEEING.
  4931 | D:7      | 4931 ||| FLEEEEING.
  4932 | D:7      | 4932 ||| FLEEEEING.
  4933 | D:7      | 4933 ||| FLEEEEING.
  4946 | D:7      | 4946 ||| FLEEEEING.
  4951 | D:7      | 4951 ||| FLEEEEING.
  4952 | D:7      | 4952 ||| FLEEEEING.
  4953 | D:7      | 4953 ||| FLEEEEING.
  4954 | D:7      | 4954 ||| FLEEEEING.
  4955 | D:7      | 4955 ||| FLEEEEING.
  4956 | D:7      | 4956 ||| FLEEEEING.
  4957 | D:7      | 4957 ||| FLEEEEING.
  4959 | D:7      | 4959 ||| STAIRDANCE
  5063 | D:7      | 5063 ||| Stepping ~*~*~tactically~*~*~ (hiding).
  5064 | D:7      | 5064 ||| Stepping ~*~*~tactically~*~*~ (hiding).
  5098 | D:7      | Reached skill level 12 in Unarmed Combat
  5114 | D:7      | 5114 ||| Stepping ~*~*~tactically~*~*~ (stealth).
  5170 | D:7      | 5170 ||| Stepping ~*~*~tactically~*~*~ (stealth).
  5188 | D:7      | Found Raeg Diu's Assorted Antiques.
  5206 | D:7      | 5206 ||| BUYING 2 coppery potions (45 gold).
  5206 | D:7      | Bought 2 coppery potions for 45 gold pieces
  5206 | D:7      | 5206 ||| SHOPLISTING 2 smoky yellow potions (45 gold, have
                  | 28).
  5206 | D:7      | 5206 ||| SHOPLISTING glowing pearl ring (125 gold, have
                  | 28).
  5206 | D:7      | 5206 ||| BUYING pink potion (22 gold).
  5206 | D:7      | Bought a pink potion for 22 gold pieces
  5206 | D:7      | 5206 ||| SHOPLISTING runed robe (92 gold, have 6).
  5553 | D:7      | 5553 ||| DRINKING 2 coppery potions.
  5554 | D:7      | 5554 ||| READING 2 scrolls of identify.
  5554 | D:7      | 5554 ||| IDENTIFYING pink potion
  5555 | D:7      | 5555 ||| DROPPING potion of flight.
  5556 | D:7      | 5556 ||| DROPPING potion of lignification.
  5642 | D:8      | 5642 ||| Stepping ~*~*~tactically~*~*~ (stealth).
  5774 | D:8      | Found a transporter.
  5804 | D:8      | 5804 ||| Stepping ~*~*~tactically~*~*~ (hiding).
  5805 | D:8      | 5805 ||| Stepping ~*~*~tactically~*~*~ (hiding).
  5828 | D:8      | Noticed a boulder beetle
  5829 | D:8      | 5829 ||| INVOKING Fiery Armour.
  5838 | D:8      | Killed a boulder beetle
  5839 | D:8      | Reached skill level 13 in Unarmed Combat
  5839 | D:8      | Reached XP level 10. HP: 59/96 MP: 5/10
  5974 | D:8      | 5974 ||| FLEEEEING.
  5980 | D:8      | 5980 ||| INVOKING Fiery Armour.
  5986 | D:8      | Reached skill level 1 in Armour
  5991 | D:8      | 5991 ||| Stepping ~*~*~tactically~*~*~ (outnumbered).
  5992 | D:8      | 5992 ||| Stepping ~*~*~tactically~*~*~ (outnumbered).
  5994 | D:8      | 5994 ||| Stepping ~*~*~tactically~*~*~ (outnumbered).
  5995 | D:8      | 5995 ||| Stepping ~*~*~tactically~*~*~ (outnumbered).
  5996 | D:8      | 5996 ||| Stepping ~*~*~tactically~*~*~ (outnumbered).
  5997 | D:8      | 5997 ||| Stepping ~*~*~tactically~*~*~ (outnumbered).
  5998 | D:8      | 5998 ||| Stepping ~*~*~tactically~*~*~ (outnumbered).
  5999 | D:8      | 5999 ||| Stepping ~*~*~tactically~*~*~ (outnumbered).
  6031 | D:8      | 6031 ||| READING scroll of enchant armour.
  6031 | D:8      | 6031 ||| ENCHANTING +0 cloak.
  6035 | D:8      | Noticed a two-headed ogre
  6036 | D:8      | 6036 ||| Stepping ~*~*~tactically~*~*~ (stealth).
  6041 | D:8      | Killed a two-headed ogre
  6082 | D:8      | Found a transporter.
  6290 | D:8      | Found a runed translucent gate.
  6290 | D:8      | Found a runed translucent gate.
  6291 | D:8      | Found a runed translucent gate.
  6294 | D:8      | Noticed qw's ghost (novice TeWr)
  6475 | D:8      | 6475 ||| READING 4 scrolls of teleportation.
  6532 | D:9      | 6532 ||| Stepping ~*~*~tactically~*~*~ (hiding).
  6593 | D:9      | Reached skill level 14 in Unarmed Combat
  6610 | D:9      | 6610 ||| FLEEEEING.
  6611 | D:9      | 6611 ||| FLEEEEING.
  6635 | D:9      | Reached skill level 6 in Fighting
  6653 | D:9      | 6653 ||| Stepping ~*~*~tactically~*~*~ (stealth).
  6656 | D:9      | 6656 ||| Stepping ~*~*~tactically~*~*~ (stealth).
  6657 | D:9      | 6657 ||| Stepping ~*~*~tactically~*~*~ (stealth).
  6729 | D:9      | 6729 ||| Stepping ~*~*~tactically~*~*~ (hiding).
  6730 | D:9      | 6730 ||| Stepping ~*~*~tactically~*~*~ (hiding).
  6746 | D:9      | 6746 ||| Stepping ~*~*~tactically~*~*~ (stealth).
  6747 | D:9      | 6747 ||| Stepping ~*~*~tactically~*~*~ (stealth).
  6748 | D:9      | 6748 ||| Stepping ~*~*~tactically~*~*~ (stealth).
  6777 | D:9      | 6777 ||| Stepping ~*~*~tactically~*~*~ (stealth).
  6779 | D:9      | 6779 ||| Stepping ~*~*~tactically~*~*~ (stealth).
  6804 | D:9      | 6804 ||| INVOKING Fiery Armour.
  7031 | D:9      | 7031 ||| Stepping ~*~*~tactically~*~*~ (hiding).
  7038 | D:9      | 7038 ||| Stepping ~*~*~tactically~*~*~ (stealth).
  7179 | D:9      | Found a sacrificial altar of Ru.
  7211 | D:9      | 7211 ||| READING 5 scrolls labelled QURINIFEXTE.
  7212 | D:9      | 7212 ||| READING scroll labelled ESHIASOWNI.
  7213 | D:9      | 7213 ||| DROPPING 4 scrolls of fog.
  7226 | D:10     | Entered Level 10 of the Dungeon
  7338 | D:10     | 7338 ||| Stepping ~*~*~tactically~*~*~ (hiding).
  7344 | D:10     | 7344 ||| Stepping ~*~*~tactically~*~*~ (outnumbered).
  7403 | D:10     | 7403 ||| Stepping ~*~*~tactically~*~*~ (stealth).
  7408 | D:10     | 7408 ||| Stepping ~*~*~tactically~*~*~ (outnumbered).
  7410 | D:10     | Reached XP level 11. HP: 84/105 MP: 7/11
  7410 | D:10     | 7410 ||| FLEEEEING.
  7411 | D:10     | 7411 ||| FLEEEEING.
  7412 | D:10     | 7412 ||| FLEEEEING.
  7413 | D:10     | 7413 ||| FLEEEEING.
  7414 | D:10     | 7414 ||| FLEEEEING.
  7415 | D:10     | 7415 ||| FLEEEEING.
  7416 | D:10     | 7416 ||| FLEEEEING.
  7417 | D:10     | 7417 ||| FLEEEEING.
  7418 | D:10     | 7418 ||| FLEEEEING.
  7419 | D:10     | 7419 ||| FLEEEEING.
  7420 | D:10     | 7420 ||| FLEEEEING.
  7425 | D:10     | 7425 ||| FLEEEEING.
  7426 | D:10     | 7426 ||| FLEEEEING.
  7428 | D:10     | 7428 ||| STAIRDANCE
  7438 | D:9      | 7438 ||| DRINKING 2 viscous clear potions.
  7505 | D:10     | 7505 ||| Stepping ~*~*~tactically~*~*~ (stealth).
  7927 | D:10     | 7927 ||| READING scroll labelled IZXAKHL KEXOTRUNOMP.
  8067 | D:11     | Noticed a boulder beetle
  8068 | D:11     | 8068 ||| INVOKING Fiery Armour.
  8075 | D:11     | Killed a boulder beetle
  8076 | D:11     | Reached skill level 15 in Unarmed Combat
  8076 | D:11     | 8076 ||| STAIRDANCE
  8149 | D:11     | Found a staircase to the Lair.
  8345 | D:11     | Identified the +6 quarterstaff of Punishment {elec, rC+
                  | Int+3}
  8600 | D:11     | 8600 ||| Stepping ~*~*~tactically~*~*~ (stealth).
  8603 | D:11     | 8603 ||| Stepping ~*~*~tactically~*~*~ (stealth).
  8614 | D:11     | 8614 ||| Stepping ~*~*~tactically~*~*~ (outnumbered).
  8615 | D:11     | 8615 ||| Stepping ~*~*~tactically~*~*~ (outnumbered).
  8616 | D:11     | 8616 ||| Stepping ~*~*~tactically~*~*~ (outnumbered).
  8617 | D:11     | 8617 ||| Stepping ~*~*~tactically~*~*~ (outnumbered).
  8618 | D:11     | 8618 ||| Stepping ~*~*~tactically~*~*~ (outnumbered).
  8712 | D:11     | Noticed a green ugly thing
  8717 | D:11     | Killed a green ugly thing
  8718 | D:11     | Reached skill level 16 in Unarmed Combat
  8849 | D:11     | 8849 ||| Stepping ~*~*~tactically~*~*~ (stealth).
  8850 | D:11     | 8850 ||| Stepping ~*~*~tactically~*~*~ (stealth).
  8851 | D:11     | 8851 ||| Stepping ~*~*~tactically~*~*~ (stealth).
  8991 | D:11     | Noticed a boulder beetle
  8992 | D:11     | 8992 ||| INVOKING Fiery Armour.
  8997 | D:11     | Killed a boulder beetle
  9124 | D:11     | 9124 ||| PLANNING LAIR
  9124 | D:11     | 9124 ||| UPGRADING to scarf of resistance.
  9182 | Lair:1   | Entered Level 1 of the Lair of Beasts
  9213 | Lair:1   | Reached skill level 6 in Throwing
  9242 | Lair:1   | 9242 ||| Stepping ~*~*~tactically~*~*~ (hiding).
  9280 | Lair:1   | Found a runed translucent door.
  9282 | Lair:1   | 9282 ||| INVOKING Fiery Armour.
  9293 | Lair:1   | Noticed qw's ghost (journeyman TeWr)
  9393 | Lair:1   | 9393 ||| INVOKING Fiery Armour.
  9544 | Lair:1   | 9544 ||| Stepping ~*~*~tactically~*~*~ (outnumbered).
  9545 | Lair:1   | 9545 ||| Stepping ~*~*~tactically~*~*~ (outnumbered).
  9552 | Lair:1   | Reached XP level 12. HP: 69/118 MP: 5/12
  9553 | Lair:1   | 9553 ||| INVOKING Fiery Armour.
  9883 | Lair:1   | 9883 ||| Stepping ~*~*~tactically~*~*~ (stealth).
  9886 | Lair:1   | 9886 ||| Stepping ~*~*~tactically~*~*~ (stealth).
  9902 | Lair:1   | 9902 ||| Stepping ~*~*~tactically~*~*~ (outnumbered).
 10614 | Lair:1   | 10614 ||| READING 4 scrolls of teleportation.
 10693 | Lair:2   | 10693 ||| INVOKING Fiery Armour.
 10694 | Lair:2   | 10694 ||| Stepping ~*~*~tactically~*~*~ (outnumbered).
 10695 | Lair:2   | 10695 ||| Stepping ~*~*~tactically~*~*~ (outnumbered).
 10765 | Lair:2   | Found a bloodstained altar of Trog.
 10819 | Lair:2   | Reached skill level 17 in Unarmed Combat
 10843 | Lair:2   | 10843 ||| FLEEEEING.
 10844 | Lair:2   | 10844 ||| FLEEEEING.
 10845 | Lair:2   | 10845 ||| FLEEEEING.
 10846 | Lair:2   | 10846 ||| FLEEEEING.
 10847 | Lair:2   | 10847 ||| FLEEEEING.
 10909 | Lair:2   | 10909 ||| Stepping ~*~*~tactically~*~*~ (hiding).
 10932 | Lair:2   | 10932 ||| INVOKING Fiery Armour.
 11036 | Lair:2   | Found a staircase to the Snake Pit.
 11037 | Lair:2   | 11037 ||| PLANNING TEMPLE
 11047 | Lair:2   | 11047 ||| UPGRADING to scarf of repulsion.
 11277 | Temple   | Entered the Ecumenical Temple
 11342 | Temple   | 11342 ||| PLANNING CONVERSION TO OKAWARU
 11348 | Temple   | Fell from the grace of Ignis
 11348 | Temple   | Became a worshipper of Warmaster Okawaru
 11349 | Temple   | 11349 ||| PLANNING LAIR
 11349 | Temple   | 11349 ||| REMOVING amulet of guardian spirit.
 11354 | Temple   | 11354 ||| UPGRADING to amulet of regeneration.
 11359 | Temple   | 11359 ||| DROPPING amulet of guardian spirit.
 11710 | Lair:2   | Found a staircase to the Swamp.
 11854 | Lair:2   | You fall into a shaft and drop 1 floor!
 11895 | Lair:3   | 11895 ||| Stepping ~*~*~tactically~*~*~ (stealth).
 11896 | Lair:3   | 11896 ||| Stepping ~*~*~tactically~*~*~ (stealth).
 11897 | Lair:3   | 11897 ||| Stepping ~*~*~tactically~*~*~ (stealth).
 11898 | Lair:3   | 11898 ||| Stepping ~*~*~tactically~*~*~ (stealth).
 11899 | Lair:3   | 11899 ||| Stepping ~*~*~tactically~*~*~ (stealth).
 11933 | Lair:3   | 11933 ||| Stepping ~*~*~tactically~*~*~ (stealth).
 11941 | Lair:3   | 11941 ||| Stepping ~*~*~tactically~*~*~ (stealth).
 11942 | Lair:3   | 11942 ||| Stepping ~*~*~tactically~*~*~ (stealth).
 11945 | Lair:3   | 11945 ||| Stepping ~*~*~tactically~*~*~ (stealth).
 12197 | Lair:2   | 12197 ||| STAIRDANCE
 12348 | Lair:3   | Reached skill level 18 in Unarmed Combat
 12353 | Lair:3   | 12353 ||| Stepping ~*~*~tactically~*~*~ (outnumbered).
 12355 | Lair:3   | Reached * piety under Okawaru
 12356 | Lair:3   | 12356 ||| FLEEEEING.
 12357 | Lair:3   | 12357 ||| FLEEEEING.
 12358 | Lair:3   | 12358 ||| FLEEEEING.
 12359 | Lair:3   | 12359 ||| FLEEEEING.
 12365 | Lair:3   | 12365 ||| INVOKING Heroism.
 12371 | Lair:3   | Reached skill level 1 in Invocations
 12403 | Lair:3   | 12403 ||| INVOKING Heroism.
 12411 | Lair:3   | 12411 ||| Stepping ~*~*~tactically~*~*~ (outnumbered).
 12412 | Lair:3   | 12412 ||| Stepping ~*~*~tactically~*~*~ (outnumbered).
 12543 | Lair:3   | 12543 ||| Stepping ~*~*~tactically~*~*~ (hiding).
 12543 | Lair:3   | Noticed a catoblepas
 12544 | Lair:3   | 12544 ||| FLEEEEING.
 12547 | Lair:3   | 12547 ||| STAIRDANCE
 12556 | Lair:2   | 12556 ||| READING 6 scrolls of identify.
 12556 | Lair:2   | 12556 ||| IDENTIFYING purple potion
 12557 | Lair:2   | 12557 ||| DROPPING potion of invisibility.
 12560 | Lair:3   | 12560 ||| Stepping ~*~*~tactically~*~*~ (cloud).
 12561 | Lair:3   | 12561 ||| INVOKING Heroism.
 12566 | Lair:3   | 12566 ||| Stepping ~*~*~tactically~*~*~ (cloud).
 12567 | Lair:3   | Killed a catoblepas
 12567 | Lair:3   | Reached ** piety under Okawaru
 12706 | Lair:3   | 12706 ||| Stepping ~*~*~tactically~*~*~ (stealth).
 12759 | Lair:3   | Noticed an eight-headed hydra
 12769 | Lair:3   | 12769 ||| INVOKING Heroism.
 12772 | Lair:3   | Killed an 11-headed hydra
 12773 | Lair:3   | Reached skill level 3 in Invocations
 12773 | Lair:3   | Reached XP level 13. HP: 42/127 MP: 11/14
 13090 | Lair:3   | You fall into a shaft and drop 1 floor!
 13103 | Lair:4   | 13103 ||| INVOKING Heroism.
 13114 | Lair:4   | HP: 24/127 [ten-headed hydra (15)]
 13115 | Lair:4   | 13115 ||| READING 4 scrolls of teleportation.
 13115 | Lair:4   | HP: 11/127 [ten-headed hydra (7)]
 13115 | Lair:4   | Slain by a ten-headed hydra

Levels and vault maps discovered:
D:1:      dpeg_arrival_windows_large_door, layout_basic
D:2:      layout_basic
D:3:      layout_basic, overflow_temple_1_default,
          hellmonk_ecumenical_altar_pennies_from_heaven
D:4:      layout_gridville, ebering_ghost_sewer_f, uniq_sigmund
D:5:      layout_rooms, serial_bayou, serial_bayou_pond_b, serial_bayou_pond_d,
          serial_bayou_pond_d, serial_bayou_lagoon_a, serial_bayou_shore_a,
          serial_bayou_lagoon_b, uniq_blork_the_orc
D:6:      layout_basic, lemuel_coloured_pillars_altar,
          grunt_temple_overflow_growth_and_decay, minivault_23
D:7:      layout_gridville, mainiacjoe_overflow_catwalk_spiral,
          mainiacjoe_overflow_divided_tiny, minmay_temple_entry_junction,
          serial_shops, nicolae_shop_advertising_works
          [nicolae_subvault_shop_adworks], nicolae_lakefront_shop,
          kennysheep_opposing_triangles, uniq_prince_ribbit1
D:8:      gammafunk_steamed_eel, layout_loops_cross, gammafunk_ghost_spectres
D:9:      layout_rooms, nicolae_ru_path_of_blood
D:10:     layout_roguey, minmay_misc_feat_four_crosses, nicolae_eternal_life
D:11:     layout_loops_corners, david_lair_shrubbed
Temple:   oiseaux_autumnal_temple
Lair:1:   layout_layer_cave, gammafunk_ghost_grave, bh_autumn_forest_stairs
Lair:2:   layout_hall_layers, minmay_swamp_entry_worms,
          guppyfry_snake_entry_island, basic_altar,
          nicolae_volcano_entry_vermiform
Lair:3:   layout_regular_city, serial_bayou_shore_b, grunt_megastairs_4
Lair:4:   layout_cave_pods, minmay_slime_entry_oklob_enclosed,
          beast_lair_carwin_8, lemuel_fruit_fields, lemuel_fruit_fields,
          infiniplex_staircase_pool_2

Skill      XL: |  1  2  3  4  5  6  7  8  9 10 11 12 |
---------------+-------------------------------------+-----
Unarmed Combat | 4 5 7 8 9 10 13 14 16 18 | 18.0
Throwing       | 2 3 4 7 |  7.1
Fighting       | 3 4 5 6 7 |  7.9
Dodging        | 1 2 |  2.3
Armour         | 1 |  1.0
Invocations    | 3 |  3.2
Spellcasting   | |  1.0
Fire Magic     | |  2.1

Action                   |  1- 3 |  4- 6 |  7- 9 | 10-12 | 13-15 || total
-------------------------+-------+-------+-------+-------+-------++-------
Melee: Unarmed           |    92 |    65 |   173 |   358 |    19 ||   707
       Punch             |       |     2 |    10 |    28 |       ||    40
Throw: Boomerang         |    24 |       |     2 |    12 |       ||    38
       Javelin           |       |       |    55 |    66 |       ||   121
       Large rock        |       |       |       |    32 |     1 ||    33
Invok: Fiery Armour      |       |     2 |     2 |     9 |       ||    13
       Heroism           |       |       |       |     4 |     1 ||     5
  Use: Scroll            |     6 |     4 |    10 |     7 |     1 ||    28
       Potion            |     3 |       |     1 |     1 |       ||     5
Armor: Robe              |    30 |    19 |    68 |    84 |     6 ||   207
Dodge: Dodged            |    30 |    16 |    63 |    86 |    15 ||   210
       Repelled          |       |       |       |     2 |       ||     2

Table legend:
 A = Non-vault XP
 B = Vault XP
 C = Vault XP percentage of total XP
 D = Non-vault monster count
 E = Vault monster count
 F = Vault count percentage of total count
                 A         B        C        D         E       F
            +---------+---------+-------+---------+---------+-------
      Total |   34718 |    4168 |  10.7 |     275 |      26 |   8.6
            +---------+---------+-------+---------+---------+-------
        D:1 |      28 |       0 |   0.0 |      17 |       0 |   0.0
        D:2 |      46 |       0 |   0.0 |      23 |       0 |   0.0
        D:3 |     145 |       0 |   0.0 |      22 |       0 |   0.0
        D:4 |     308 |     214 |  41.0 |      13 |       1 |   7.1
        D:5 |     479 |     168 |  26.0 |      10 |       5 |  33.3
        D:6 |    1126 |       0 |   0.0 |      17 |       0 |   0.0
        D:7 |    1298 |     651 |  33.4 |      24 |       5 |  17.2
        D:8 |    2804 |       0 |   0.0 |      26 |       0 |   0.0
        D:9 |    3020 |       0 |   0.0 |      34 |       0 |   0.0
       D:10 |    2461 |       0 |   0.0 |      17 |       0 |   0.0
       D:11 |    5288 |     350 |   6.2 |      15 |       1 |   6.2
     Lair:1 |    7639 |       0 |   0.0 |      24 |       0 |   0.0
     Lair:2 |    3525 |    1700 |  32.5 |      14 |       7 |  33.3
     Lair:3 |    6280 |    1085 |  14.7 |      16 |       7 |  30.4
     Lair:4 |     271 |       0 |   0.0 |       3 |       0 |   0.0
            +---------+---------+-------+---------+---------+-------
